 Dungeon Crawl Stone Soup version 0.30.1-11-g7821555f0a (webtiles) character file.

Game seed: 12749242941033725389

226 Destapler the Sneak (level 5, -5/22 HPs)
             Began as a Felid Summoner on Dec 1, 2023.
             Was a Follower of Nemelex Xobeh.
             Slain by a sleepcap (9 damage)
             ... on level 4 of the Dungeon.
             The game lasted 00:29:56 (4203 turns).

Destapler the Sneak (Felid Summoner)                Turns: 4203, Time: 00:29:56

Health: -5/22      AC:  1    Str:  4    XL:     5   Next: 69%
Magic:  9/10       EV: 19    Int: 19    God:    Nemelex Xobeh [*.....]
Gold:   160        SH:  0    Dex: 16    Spells: 7/10 levels left
                                        Lives:  0   Deaths: 1

rFire   . . .        (weapon unavailable)
rCold   . . .        (shield unavailable)
rNeg    . . .        (body armour unavailable)
rPois   .            (helmet unavailable)
rElec   .            (cloak unavailable)
rCorr   .            (gloves unavailable)
SInv    +            (boots unavailable)
Will    .....        (no amulet)
Stlth   +++          (no ring)
HPRegen 0.23/turn    (no ring)
MPRegen 0.12/turn

%: no passive effects
@: quick
A: very small, claws 1, fangs 3, see invisible, speed 1, shaggy fur 1, stealthy
paws, no weapons or thrown items, no armour, multi-lived
a: Renounce Religion, Draw Escape, Draw Destruction, Draw Summoning


You were on level 4 of the Dungeon.
You worshipped Nemelex Xobeh.
Nemelex Xobeh was aware of your devotion.
You visited 1 branch of the dungeon, and saw 4 of its levels.

You collected 160 gold pieces.

Inventory:

Wands
 c - a wand of iceblast (10)
Scrolls
 e - a scroll of vulnerability
 g - a scroll of magic mapping
Potions
 a - a potion of magic
 b - a potion of attraction
 d - a potion of curing
 f - a potion of cancellation {unknown}
 h - 3 potions of lignification
 i - a potion of mutation {unknown}
 j - a potion of invisibility {unknown}
 k - a potion of heal wounds {unknown}
 m - a potion of haste {unknown}


   Skills:
 + Level 1.4 Fighting
 + Level 4.8 Dodging
 - Level 5.0 Stealth
 - Level 3.0 Spellcasting
 - Level 5.0 Summonings
 + Level 1.3 Invocations


You had 7 spell levels left.
You knew the following spells:

 Your Spells              Type           Power      Damage    Failure   Level
a - Summon Small Mammal   Summ           84%        N/A       1%          1
b - Call Imp              Summ           42%        N/A       3%          2

Your spell library contained the following spells:

 Spells                   Type           Power      Damage    Failure   Level
 Call Canine Familiar     Summ           21%        N/A       6%          3
 Summon Guardian Golem    Hex/Summ       12%        N/A       16%         3
 Summon Lightning Spire   Summ/Air       12%        N/A       47%         4


Dungeon Overview and Level Annotations

Branches:
Dungeon (4/15)
 Temple: D:4-7

Altars:
Nemelex Xobeh
Sif Muna

Annotations:
D:3 exclusion: downstairs


Innate Abilities, Weirdness & Mutations

You have sharp claws.
You have razor-sharp teeth.
You have supernaturally acute eyesight. (SInv)
You cover ground quickly. (Speed+)
You are covered in fur. (AC +1)
Your paws help you pounce on unaware monsters.
You are incapable of wielding weapons or throwing items.
You cannot wear armour.
You gain extra lives every three experience levels.


Message History

Your cerulean imp hits the sleepcap but does no damage.
You scratch the sleepcap but do no damage.
The sleepcap is lightly damaged.
The sleepcap barely misses you.
Your cerulean imp hits the sleepcap with a -2 spear.
You scratch the sleepcap.
You bite the sleepcap, but do no damage.
The sleepcap is heavily damaged.
The sleepcap misses you.
Your cerulean imp hits the sleepcap but does no damage.
You scratch the sleepcap but do no damage.
You bite the sleepcap, but do no damage.
The sleepcap is heavily damaged.
The sleepcap releases spores at you.
* * * LOW HITPOINT WARNING * * *
You are engulfed in a cloud of soporific spores!
You are unaffected.
Your cerulean imp hits the sleepcap with a -2 spear.
You scratch the sleepcap but do no damage.
The sleepcap is heavily damaged.
The sleepcap misses you.
Your cerulean imp hits the sleepcap but does no damage.
You scratch the sleepcap but do no damage.
The sleepcap is heavily damaged.
The sleepcap releases spores at you.
* * * LOW HITPOINT WARNING * * *
Your cerulean imp hits the sleepcap but does no damage.
You scratch the sleepcap but do no damage.
The sleepcap is heavily damaged.
The sleepcap misses you.
Your cerulean imp hits the sleepcap but does no damage.
You scratch the sleepcap but do no damage.
The sleepcap is heavily damaged.
The sleepcap closely misses you.
Your cerulean imp hits the sleepcap with a -2 spear.
You scratch the sleepcap but do no damage.
The sleepcap is severely damaged.
The sleepcap releases spores at you!
You die...
Your body glows slightly and disappears.

.........#
#.......
....##.†###.######
### #......##
.###.##...<##
..........#.#
######..#.## #
##..###
#.#####...#####
#.f@............
##.5............
..........####....
###....#### #..#
#...©# .##
......## #
.##.!... #.....


You could see a sleepcap (ally target) and a friendly cerulean imp (summoned).

Vanquished Creatures
  A hound (D:4)
  Crazy Yiuf (D:3)
  An orc wizard (D:3)
  An adder (D:3)
  A worm (D:3)
  An orc (D:2)
  6 bats
  An endoplasm (D:1)
  3 giant cockroaches
  5 goblins
  2 hobgoblins
  4 jackals
  3 quokkas
  A ball python (D:4)
  A frilled lizard (D:2)
  2 kobolds
  2 rats
36 creatures vanquished.

Vanquished Creatures (collateral kills)
  A phantom (D:4)
  Robin (D:2)
  3 adders
  4 gnolls (D:2)
  A worm (D:2)
  An orc (D:3)
  4 ball pythons
  2 bats
  2 endoplasms
  A giant cockroach (D:3)
  6 goblins
  4 hobgoblins
  A jackal (D:4)
  A quokka (D:2)
  A frilled lizard (D:3)
  A kobold (D:3)
  A rat (D:3)
35 creatures vanquished.

Grand Total: 71 creatures vanquished

Notes
Turn   | Place    | Note
-------+----------+-------------------------------------------
     0 | D:1      | Destapler the Felid Summoner began the quest for the Orb.
     0 | D:1      | Reached XP level 1. HP: 7/7 MP: 4/4
   147 | D:1      | Reached XP level 2. HP: 5/11 MP: 6/6
   715 | D:2      | Found a sparkling altar of Nemelex Xobeh.
   908 | D:2      | Reached XP level 3. HP: 5/14 MP: 5/7
   911 | D:2      | Learned a level 2 spell: Call Imp
  1292 | D:2      | Became a worshipper of Nemelex Xobeh the Trickster
  1486 | D:2      | Reached XP level 4. HP: 18/18 MP: 2/9
  1877 | D:2      | Found a sparkling altar of Nemelex Xobeh.
  2513 | D:3      | Found a runed translucent door.
  2514 | D:3      | Noticed Crazy Yiuf
  2652 | D:3      | Noticed Robin
  2653 | D:3      | Killed Crazy Yiuf
  3208 | D:3      | Reached XP level 5. HP: 15/21 MP: 3/10
  3219 | D:2      | Killed Robin
  3447 | D:3      | Found a shimmering blue altar of Sif Muna.
  3634 | D:4      | Noticed a phantom
  3669 | D:4      | Slain by an ufetubus
  3670 | D:4      | Reached XP level 4. HP: 0/18 MP: 9/9
  3670 | D:4      | Reached * piety under Nemelex Xobeh
  4012 | D:4      | Killed a phantom
  4013 | D:4      | Reached skill level 1 in Fighting
  4013 | D:4      | Reached skill level 5 in Stealth
  4013 | D:4      | Reached skill level 1 in Invocations
  4013 | D:4      | Reached XP level 5. HP: 17/22 MP: 2/10
  4117 | D:4      | Reached skill level 5 in Summonings
  4203 | D:4      | Slain by a sleepcap

Illustrated notes

Levels and vault maps discovered:
D:1:      psy_arrival_spokes, layout_loops_ring, minmay_tetromino_l2
D:2:      layout_rooms, basic_altar
D:3:      layout_loops_cross, kennysheep_orc_sif_temple,
          uniq_crazy_yiuf_cottage, uniq_robin
D:4:      layout_loops_corners, gammafunk_ghost_abyssal_escape

Skill      XL: |  1  2  3  4  5 |
---------------+----------------+-----
Stealth        | 3 5 |  5.0
Dodging        | 3 4 |  4.8
Spellcasting   | 3 |  3.0
Fighting       | 1 |  1.4
Invocations    | 1 |  1.3
Summonings     | 5 |  5.0

Action                     |  1- 3 |  4- 6 || total
---------------------------+-------+-------++-------
  Melee: Unarmed           |    71 |   132 ||   203
         Bite              |     8 |    12 ||    20
         Punch             |     2 |     3 ||     5
   Cast: Summon Small Mamm |    23 |    29 ||    52
         Call Imp          |     7 |    34 ||    41
    Use: Potion            |     1 |     2 ||     3
         Scroll            |       |     8 ||     8
   Stab: Sleeping          |     5 |     3 ||     8
         Distracted        |     2 |     1 ||     3
 Armour: Skin              |     7 |     5 ||    12
  Dodge: Dodged            |    57 |   144 ||   201
